 Dungeon Crawl Stone Soup version 0.18-a0-884-gb6cfd45 (webtiles) character file.

39 Jmtri7 the Charmwright (level 3, 30/30 HPs)
             Began as a Minotaur Skald on Dec 23, 2015.
             Quit the game on level 3 of the Dungeon.
             The game lasted 00:06:20 (1217 turns).

Jmtri7 the Charmwright (Minotaur Skald)             Turns: 1217, Time: 00:06:20

Health: 30/30      AC:  8    Str: 17    XL:     3   Next: 26%
Magic:  4/5        EV:  7    Int:  9    God:
Gold:   8          SH:  0    Dex:  9    Spells: 2 memorised, 3 levels left

rFire  . . .     SeeInvis .     a - +0 falchion
rCold  . . .     Gourm    .     k - +0 chain mail
rNeg   . . .     Faith    .     (no shield)
rPois  .         Spirit   +     (helmet restricted)
rElec  .         Dismiss  .     (no cloak)
rCorr  .         Reflect  .     (no gloves)
SustAt .         Harm     .     (no boots)
MR     .....                    f - amulet of guardian spirit
Stlth  ..........               (no ring)
                                (no ring)

@: very slightly contaminated, not resistant to hostile enchantments, extremely
unstealthy
A: retaliatory headbutt, horns 2
a: no special abilities


You were on level 3 of the Dungeon.
You were near starving.

You visited 1 branch of the dungeon, and saw 3 of its levels.
You also visited: Sewer.

You collected 8 gold pieces.

Inventory:

Hand Weapons
 a - a +0 falchion (weapon)
Armour
 b - a +0 leather armour
 k - a +0 chain mail (worn)
Jewellery
 f - an amulet of guardian spirit (around neck)
Scrolls
 e - 2 scrolls of recharging {unknown}
 h - 2 scrolls of identify {unknown}
 i - a scroll of amnesia {unknown}
Potions
 g - 2 potions of poison {unknown}
Books
 c - a book of Battle

   Spells                             Type                      Level
   a - Infusion                       Charms                       1
   b - Shroud of Golubria             Charms/Translocation         2
   c - Song of Slaying                Charms                       2
   d - Spectral Weapon                Hexes/Charms                 3
   e - Regeneration                   Charms/Necromancy            3
 j - a book of Spatial Translocations

   Spells                             Type                      Level
   a - Apportation                    Translocation                1
   b - Blink                          Translocation                2
   c - Shroud of Golubria             Charms/Translocation         2
   d - Portal Projectile              Translocation                3
   e - Teleport Other                 Translocation                3
   f - Passage of Golubria            Translocation                4
Comestibles
 d - 2 bread rations


   Skills:
 - Level 2.4 Fighting
 - Level 2.4 Long Blades
 - Level 1.2 Armour
 - Level 1.1 Dodging
 + Level 2.0 Spellcasting
 + Level 2.5 Charms


You had 3 spell levels left.
You knew the following spells:

 Your Spells              Type           Power        Failure   Level  Hunger
a - Infusion              Chrm           #.....       99%         1    ##.....
b - Song of Slaying       Chrm           #.......     100%        2    ###....


Dungeon Overview and Level Annotations

Branches:
Dungeon (3/15)

Altars:


Innate Abilities, Weirdness & Mutations

You reflexively headbutt those who attack you in melee.
You have a pair of horns on your head.


Message History

You don't know that spell.
Casting: Song of Slaying
Confirm with . or Enter, or press ? or * to list all spells.
You don't know that spell.
Casting: Song of Slaying
Confirm with . or Enter, or press ? or * to list all spells.
You don't know that spell.
Casting: Song of Slaying
Confirm with . or Enter, or press ? or * to list all spells.
You don't know that spell.
Casting: Song of Slaying
Confirm with . or Enter, or press ? or * to list all spells.
You don't know that spell.
Casting: Song of Slaying
Confirm with . or Enter, or press ? or * to list all spells.
You don't know that spell.
Casting: Song of Slaying
Confirm with . or Enter, or press ? or * to list all spells.
You don't know that spell.
Are you sure you want to abandon this character and quit the game? (Confirm with "yes".)

###...##....#....##.##
#...#....##.... .[#
########........ #....
#.........
#....###.........
#....#...........
#...........##...
#...........# ...
#.....@.....#
#...........#
#...........#
####........#
#..........
#..........
##......... #.)..####.


There were no monsters in sight!

Vanquished Creatures
  An adder (D:2)
  2 worms
  3 giant cockroaches (D:3)
  A goblin (D:3)
  2 hobgoblins
  5 kobolds
  3 bats
  4 giant geckos
  4 rats
25 creatures vanquished.

Notes
Turn   | Place    | Note
--------------------------------------------------------------
     0 | D:1      | Jmtri7 the Minotaur Skald began the quest for the Orb.
     0 | D:1      | Reached XP level 1. HP: 18/18 MP: 1/1
   681 | D:2      | Reached XP level 2. HP: 20/25 MP: 0/3
   686 | D:2      | Learned a level 2 spell: Song of Slaying
   884 | D:3      | Found a glowing drain.
   889 | D:3      | HP: 1/25 [giant gecko (3)]
   890 | D:3      | Reached XP level 3. HP: 1/30 MP: 0/4
   903 | Sewer    | Entered a sewer
  1217 | D:3      | Quit the game

Vault maps used:
D:1:      nicolae_arrival_memento_mori, hangedman_decor_slide_cut
D:2:      kennysheep_goblin_castle, first_bread, uniq_robin
D:3:      lemuel_upstairs_altar, gup_sewer_entry_pipe
Sewer:    sewer_minmay_w

Action                   || total
-------------------------++-------
Melee: Falchion          ||    82
 Cast: Infusion          ||     5
       Song of Slaying   ||     3
